Match 30122347
Unlisted

Match 30122347
End
Construct Section Command Post
Vickers Machine Gun Team
Selects Indian Artillery Battlegroup
Infantry Section
Infantry Section
Selects Towed ML 4.2-inch Heavy Mortar
Towed ML 4.2-inch Heavy Mortar
Vickers Machine Gun Team
Construct Platoon Command Post
Selects Off-map Airburst Barrage
Infantry Section
Grenade Package
Off-map Airburst Barrage
6-pounder Anti-tank Gun Team
6-pounder Anti-tank Gun Team
Unlock Bishop Self-propelled Artillery
Bishop Self-propelled Artillery
Infantry Section
Off-map Airburst Barrage
Infantry Training
Selects BL5.5 Artillery Emplacement
Bishop Self-propelled Artillery
Off-map Airburst Barrage
6-pounder Anti-tank Gun Team
Royal Engineer Section
Off-map Airburst Barrage
Bishop Self-propelled Artillery
Bishop Self-propelled Artillery
Bishop Self-propelled Artillery
Off-map Airburst Barrage
Selects Valour
Selects Gurkha Rifles Section
Selects Volunteer Infantry
CMP 15cwt Truck
Construct Company Command Post
Off-map Airburst Barrage
Infantry Section
Gurkha Rifles Section
Off-map Airburst Barrage
Matilda II Heavy Tank
CMP 15cwt Truck
Off-map Airburst Barrage
Infantry Section
Infantry Section
Royal Engineer Section
Off-map Airburst Barrage
CMP 15cwt Truck
Off-map Airburst Barrage
Gurkha Rifles Section
Schlupski
Sultan87
DaoBa
3+2
iAinEng
GolemOTY
UBERdumpster
Akaxiya
0
0

Comments sign in to comment!

No comments posted yet!